[Event "3rd Manaus Open 2024"]
[Site "Manaus"]
[Date "2024.10.12"]
[Round "1"]
[White "Filgueiras, Nathan Felipe"]
[Black "Alvarenga, Rogerio Almeida"]
[Result "1-0"]
[ECO "B10"]
[WhiteElo "2343"]
[BlackElo "1725"]
[Annotator "RC"]
[PlyCount "97"]
[EventDate "2024.10.05"]
[EventType "swiss"]
[EventCountry "BRA"]
[SourceTitle "playchess.com"]
[Source "ChessBase"]
[SourceQuality "1"]
[TimeControl "5400+30"]

1. e4 c6 2. c4 d5 3. exd5 cxd5 4. cxd5 Nf6 5. Qa4+ Nbd7 6. Nc3 g6 7. Nf3 Bg7 8. Bc4 O-O 9. Qb3 Nb6 10. d3 Bf5 11. O-O Nfd7 12. Be3 Rc8 13. Nb5 a6 14. Nbd4 Nc5 15. Qa3 Nxc4 16. dxc4 Bd7 17. Rac1 Ne4 18. Rfe1 Nf6 19. Bd2 Re8 20. Ba5 b6 21. Bd2 a5 22. Ne5 Ng4 23. Bf4 Nxe5 24. Bxe5 Bh6 25. Rc2 Rc5 26. Qg3 Qa8 27. b3 b5 28. Qh4 Bf8 29. Nf3 f6 30. Ba1 bxc4 31. bxc4 Bf5 32. Rc3 Qc8 33. Nd4 Bd7 34. Nb3 g5 35. Qd4 Rc7 36. Rcc1 a4 37. Nd2 Qa6 38. Ne4 Rec8 39. c5 Bf5 40. d6 exd6 41. Nxf6+ Kf7 42. Qd5+ Kg6 43. g4 Bd7 44. Qg8+ Bg7 45. Qxh7+ Kf7 46. Re7+ Kxe7 47. Qxg7+ Kd8 48. Qf8+ Be8 49. Qxe8# 1-0

[Event "3rd Manaus Open 2024"]
[Site "Manaus"]
[Date "2024.10.12"]
[Round "1.1"]
[White "Silva e Costa, Alan Roberto da"]
[Black "Leitao, Rafael"]
[Result "0-1"]
[ECO "D04"]
[WhiteElo "1796"]
[BlackElo "2592"]
[Annotator "TA"]
[PlyCount "52"]
[EventDate "2024.10.05"]
[EventType "swiss"]
[EventCountry "BRA"]
[SourceTitle "playchess.com"]
[Source "ChessBase"]
[SourceQuality "1"]
[TimeControl "5400+30"]

1. d4 Nf6 2. e3 g6 3. Nf3 Bg7 4. Bd3 O-O 5. O-O d5 6. Re1 {[%emt 0:01:30] [#]} c5 $1 7. b3 (7. h3 Nc6) 7... Nc6 8. c3 (8. Bb2 $11) 8... Bg4 (8... e5 $5 9. dxe5 Ne4 $17) 9. h3 Bxf3 10. Qxf3 e5 11. Bb5 cxd4 12. cxd4 ({White should play} 12. exd4 exd4 13. Bxc6 bxc6 14. cxd4) 12... Qa5 $17 13. Qe2 exd4 {[%emt 0:00:54] Strongly threatening ...Ne4. Black is more active.} 14. Bxc6 bxc6 15. Bd2 Qb6 $36 {[%emt 0:01:58][%mdl 2048] Hoping for ...Rae8. Black has strong initiative.} 16. exd4 Ne4 17. Be3 {[%emt 0:04:36] [#]} (17. Nc3 $142) 17... Bxd4 (17... f5 $1 $19 {[%cal Rf5f4] and Black stays clearly on top.} 18. Rd1 f4) 18. Nd2 (18. Na3 $17 {keeps fighting.}) 18... Bxe3 $19 19. Nxe4 (19. fxe3 {is a better defense.} Rfe8 20. Rac1) 19... Bd4 20. Ng3 Bxa1 21. Rxa1 Rae8 22. Qg4 Re6 {[%emt 0:00:21] Black is clearly winning.} 23. Rf1 f5 24. Qg5 f4 25. Qg4 Re7 26. Nh5 Ref7 {[%emt 0:42:24] Weighted Error Value: White=0.64/Black=0.12 (very precise) .  Mistake:       	White=5     	Black=1      Inaccurate:     	White=4     	---        OK:         	White=4     	Black=11     Best:        	---       	Black=3} 0-1

[Event "3rd Manaus Open 2024"]
[Site "Manaus"]
[Date "2024.10.12"]
[Round "1.2"]
[White "Fier, Alexandr"]
[Black "Ordozgoite, Gabriel Bento"]
[Result "1-0"]
[ECO "B22"]
[WhiteElo "2539"]
[BlackElo "1791"]
[Annotator "RC"]
[PlyCount "39"]
[EventDate "2024.10.05"]
[EventType "swiss"]
[EventCountry "BRA"]
[SourceTitle "playchess.com"]
[Source "ChessBase"]
[SourceQuality "1"]
[TimeControl "5400+30"]

1. e4 c5 2. c3 d5 3. exd5 Qxd5 4. d4 Nc6 5. Nf3 Bg4 6. Be2 e6 7. h3 Bh5 8. c4 Qd7 9. g4 Bg6 10. d5 exd5 11. cxd5 Bxb1 12. Rxb1 Nb4 13. Ne5 Qxd5 14. Bb5+ Ke7 15. O-O Qxd1 16. Rxd1 a6 17. Bc4 b5 18. Bg5+ f6 19. Rd7+ Ke8 20. Bf7# 1-0

[Event "3rd Manaus Open 2024"]
[Site "Manaus"]
[Date "2024.10.12"]
[Round "1.3"]
[White "Grosselli, Marcel Robinson"]
[Black "Quintiliano, Renato R."]
[Result "0-1"]
[ECO "A01"]
[WhiteElo "1789"]
[BlackElo "2513"]
[Annotator "TA"]
[PlyCount "36"]
[EventDate "2024.10.05"]
[EventType "swiss"]
[EventCountry "BRA"]
[SourceTitle "playchess.com"]
[Source "ChessBase"]
[SourceQuality "1"]
[TimeControl "5400+30"]

1. b3 d5 2. e3 e5 3. Bb2 Bd6 4. Ne2 c5 5. Ng3 Nc6 6. Bb5 a6 (6... Nge7 $15) 7. Bxc6+ $11 bxc6 8. Na3 (8. f4 $11 {keeps the balance.}) 8... Nf6 9. O-O h5 10. Ne2 e4 {[%emt 0:02:08][%cal Od6h2] White must now prevent ...Bxh2+! Black is more active.} 11. d3 $2 {[%emt 0:00:00][%mdl 8192] [#] White does not recover from this.} (11. f4 $17 {is tougher.}) 11... Bxh2+ $1 $19 12. Kh1 (12. Kxh2 $142 Ng4+ 13. Kg1) 12... Ng4 13. g3 {[%emt 0:00:00] Wards off Qh4} h4 14. Kg2 hxg3 15. Nf4 Qh4 {[%emt 0:01:56] Black mates.} 16. dxe4 gxf2 17. Qf3 Bxf4 18. Rh1 Nxe3+ {[%emt 1:13:10] Weighted Error Value: White=1.47/Black=0.04 (flawless) .  Loses game:     	White=1     	---        Mistake:       	White=2     	Black=1      Inaccurate:     	White=1     	---        OK:         	White=1     	Black=2      Best:        	White=1     	Black=1      Strong:       	---       	Black=1} 0-1

[Event "3rd Manaus Open 2024"]
[Site "Manaus"]
[Date "2024.10.12"]
[Round "1.5"]
[White "De Brito, Alison Mendes"]
[Black "Di Berardino, Diego Rafael"]
[Result "0-1"]
[ECO "E32"]
[WhiteElo "1762"]
[BlackElo "2479"]
[Annotator "TA"]
[PlyCount "56"]
[EventDate "2024.10.05"]
[EventType "swiss"]
[EventCountry "BRA"]
[SourceTitle "playchess.com"]
[Source "ChessBase"]
[SourceQuality "1"]
[TimeControl "5400+30"]

1. d4 Nf6 2. c4 e6 3. Nc3 Bb4 4. Qc2 d6 5. a3 Bxc3+ 6. Qxc3 O-O 7. g3 e5 8. Bg2 Re8 9. d5 c6 10. e4 {[%emt 0:01:15] The position is equal.} cxd5 11. cxd5 b6 12. Ne2 Ba6 13. Qf3 Nbd7 14. O-O (14. b4 $11 {remains equal.}) 14... Nc5 $17 15. Rd1 (15. Qe3 $15) 15... Ncxe4 16. Nc3 Nxc3 17. Qxc3 Rc8 {[%emt 0:00:40] Against Qc6} 18. Qe1 Rc2 19. Rd2 Rc7 {[%emt 0:03:21][%cal Bc2c7,Bc7e7,Be7e3,Be3h3][%mdl 32] Black has more active pieces.} 20. b4 e4 21. Bb2 Ng4 22. Bd4 (22. Bxe4 $2 {loses.} f5 23. Bxf5 Rxe1+ $19) 22... Rce7 23. h3 (23. Rc2 $17 {was necessary.}) 23... e3 $19 24. fxe3 Nxe3 25. Bxe3 Rxe3 26. Qf2 Qg5 27. g4 {[%emt 0:00:21] [#]} (27. Kh2) 27... h5 28. gxh5 Rxh3 {[%emt 0:00:41] Weighted Error Value: White=0.48/Black=0.04 (flawless) .  Mistake:       	White=4     	---        Inaccurate:     	White=2     	Black=1      OK:         	White=6     	Black=10     Best:        	---       	Black=1} 0-1

[Event "3rd Manaus Open 2024"]
[Site "Manaus"]
[Date "2024.10.12"]
[Round "1.6"]
[White "Santiago, Yago De Moura"]
[Black "Da Silva, Nayron Igor Tomaz"]
[Result "1-0"]
[ECO "D03"]
[WhiteElo "2460"]
[BlackElo "1759"]
[Annotator "TA"]
[PlyCount "75"]
[EventDate "2024.10.05"]
[EventType "swiss"]
[EventCountry "BRA"]
[SourceTitle "playchess.com"]
[Source "ChessBase"]
[SourceQuality "1"]
[TimeControl "5400+30"]

1. d4 Nf6 2. Nf3 g6 3. Bg5 Bg7 4. Nbd2 d5 5. c3 Nc6 6. e3 O-O 7. Bb5 Bd7 8. O-O {[%emt 0:00:45] White is slightly better.} a6 9. Be2 Re8 10. h3 e5 11. dxe5 Nxe5 12. Nxe5 Rxe5 13. Nf3 Re8 14. Bxf6 Qxf6 15. Qxd5 Bc6 16. Qb3 b6 17. Nd4 Bb7 18. Bf3 Bxf3 19. Nxf3 c5 20. Rfd1 Rad8 21. a4 Bh6 (21... Qc6 $142) 22. Rxd8 Rxd8 23. Rd1 Re8 (23... Rxd1+ $16 24. Qxd1 Qe6) 24. Qc4 $18 a5 25. Qd5 Bf8 26. Nd2 Re5 27. Qd7 Re7 28. Qg4 h5 29. Qf3 Qe6 30. b3 Bg7 31. Nc4 Bxc3 (31... Be5 $142 32. Qd5 Qxd5 33. Rxd5 Bc7) 32. Rd6 Qc8 33. Nxb6 Qb8 {[%emt 0:00:00] Black is weak on the light squares} 34. Rc6 {[%emt 0:00:00] [#] Rc8+ would now be deadly.} Qe5 35. Nd5 {[%emt 0:00:00] Prevents Rc7} Re6 (35... Ra7 36. Rxc5 Ba1) 36. Rc8+ {[%emt 0:00:00] White is clearly winning.} Kg7 37. Rc7 Rf6 38. Qxf6+ {[%emt 0:00:00] Weighted Error Value: White=0.12 (very precise) /Black=0.38.  Mistake:       	---       	Black=4      Inaccurate:     	White=2     	Black=3      OK:         	White=14    	Black=12     Best:        	White=1     	---} 1-0

[Event "3rd Manaus Open 2024"]
[Site "Manaus"]
[Date "2024.10.12"]
[Round "1.7"]
[White "Pereira, Armando Scharlau"]
[Black "Flom, Gabriel"]
[Result "0-1"]
[ECO "D05"]
[WhiteElo "1756"]
[BlackElo "2460"]
[Annotator "TA"]
[PlyCount "66"]
[EventDate "2024.10.05"]
[EventType "swiss"]
[EventCountry "BRA"]
[SourceTitle "playchess.com"]
[Source "ChessBase"]
[SourceQuality "1"]
[TimeControl "5400+30"]

1. d4 Nf6 2. Nf3 c5 3. e3 d5 4. c3 e6 5. Bd3 Nc6 6. O-O Bd6 7. Nbd2 O-O 8. b3 Re8 9. Bb2 e5 10. dxe5 {[%emt 0:00:20] The position is equal.} Nxe5 11. Nxe5 Rxe5 12. c4 d4 13. exd4 Rh5 {[%emt 0:00:03] [#]} (13... cxd4 $14 14. Bxd4 Bg4) 14. g3 $1 $16 Qd7 15. Qf3 Qh3 {[%emt 0:00:21][%csl Gh5][%cal Rh3h2] [#]} 16. Qg2 ({Only move:} 16. Qh1 $1 $18) 16... Qxg2+ $15 17. Kxg2 Bh3+ 18. Kg1 Bxf1 19. Nxf1 (19. Bxf1 $15 {should be considered.} cxd4 20. Nf3) 19... cxd4 $17 20. Bxd4 Be5 21. Bxe5 Rxe5 22. Kg2 Rd8 23. Rd1 {[%emt 0:01:20][%cal Od3h7] Black must now prevent Bxh7+!} g6 {[%emt 0:00:05] Black is more active.} 24. Ne3 Re7 {[%emt 0:00:06] ...Red7 would now be deadly.} 25. Kf1 h5 26. h3 Kg7 27. Be2 (27. h4 $17 {was called for.}) 27... Rxd1+ $19 28. Bxd1 {[%emt 0:00:00][%mdl 4096] Endgame. KRN-KBN} Ne4 29. Nd5 Nd2+ 30. Kg2 Re1 31. Bc2 Ra1 32. a4 Ra2 33. Ne3 Rb2 {[%emt 0:00:16] Never resign too early!   Weighted Error Value: White=0.36/Black=0.10 (very precise) .  Missed win:     	White=1     	---        Mistake:       	White=2     	Black=1      Inaccurate:     	White=3     	Black=1      OK:         	White=11    	Black=7      Best:        	White=2     	Black=5} 0-1

[Event "3rd Manaus Open 2024"]
[Site "Manaus"]
[Date "2024.10.12"]
[Round "2"]
[White "Barbosa, Celio Oliveira"]
[Black "Filgueiras, Nathan Felipe"]
[Result "0-1"]
[ECO "E09"]
[WhiteElo "1916"]
[BlackElo "2343"]
[Annotator "RC"]
[PlyCount "96"]
[EventDate "2024.10.05"]
[EventType "swiss"]
[EventCountry "BRA"]
[SourceTitle "playchess.com"]
[Source "ChessBase"]
[SourceQuality "1"]
[TimeControl "5400+30"]

1. Nf3 Nf6 2. g3 d5 3. d4 e6 4. Bg2 Be7 5. O-O O-O 6. c4 c6 7. Qc2 Nbd7 8. Nbd2 b6 9. b3 Bb7 10. Bb2 c5 11. cxd5 exd5 12. Rac1 Re8 13. Rfe1 Rc8 14. Qb1 Bf8 15. e3 Qe7 16. Bf1 a6 17. Bd3 Ne4 18. Bf1 Ndf6 19. Bh3 Rcd8 20. Qc2 Bc8 21. Bxc8 Rxc8 22. Qd3 Qe6 23. Qf1 Qf5 24. Qg2 a5 25. Nxe4 Nxe4 26. Nh4 Qe6 27. f3 Nd6 28. Qd2 c4 29. Ng2 f6 30. Ba3 Ne4 31. fxe4 Bxa3 32. exd5 Bxc1 33. Rxc1 Qxd5 34. Nf4 Qe4 35. bxc4 Qxe3+ 36. Qxe3 Rxe3 37. Kf2 Ra3 38. Rc2 Kf7 39. Nd5 Rd3 40. Nxb6 Rc6 41. Ke2 Rxd4 42. Ke3 Rd1 43. c5 Ke6 44. Rc4 Re1+ 45. Kd3 Re5 46. Na4 f5 47. h4 Re1 48. g4 g6 0-1

[Event "3rd Manaus Open 2024"]
[Site "Manaus"]
[Date "2024.10.12"]
[Round "2.1"]
[White "Leitao, Rafael"]
[Black "Lira, Suan Bruno Fernandes"]
[Result "1-0"]
[ECO "B12"]
[WhiteElo "2592"]
[BlackElo "2037"]
[Annotator "TA"]
[PlyCount "61"]
[EventDate "2024.10.05"]
[EventType "swiss"]
[EventCountry "BRA"]
[SourceTitle "playchess.com"]
[Source "ChessBase"]
[SourceQuality "1"]
[TimeControl "5400+30"]

1. e4 c6 2. d4 d5 3. e5 Bf5 4. Nd2 e6 5. Nb3 a6 6. Nf3 c5 7. Nxc5 Bxc5 8. dxc5 {[%emt 0:00:07] Die Stellung ist ausgeglichen.} Qa5+ 9. c3 Qxc5 10. Nd4 Ne7 {[%emt 0:28:22] Schwarz hat schwache schwarze Felder} 11. Be2 O-O (11... Nbc6 $11) 12. g4 $1 $16 Be4 13. f3 Bg6 14. h4 $1 {[%emt 0:00:19] h5 wäre nun fies.} h5 15. gxh5 Bxh5 16. Qd2 $1 {[%emt 0:04:21] Zielt auf Qg5 ab.} Nbc6 17. Qg5 {[%emt 0:26:14] Droht stark Be3.} Nxd4 18. cxd4 Qb4+ {[%emt 0:00:05] [#]} 19. Bd2 $1 Qxb2 20. Rd1 $40 {[%emt 0:04:29][%mdl 128] Weiss riecht Blut.} Nf5 21. Qxh5 Ng3 $2 {[%emt 0:03:26][%mdl 8192] [#] Danach kann Schwarz die Partie nicht mehr halten.} (21... Qxa2 $2 {geht unter.} 22. Bd3 f6 23. Qg6 $18) (21... Qxd4 $16 22. Qg4 Qxe5) 22. Qg4 $1 $18 Nxh1 23. Bh6 g6 ({Schwächer ist} 23... Qxa2 24. Qxg7#) 24. h5 Qc2 25. Qh4 {[%emt 0:01:07] Und Qf6 würde nun gewinnen.} Ng3 $2 (25... Qf5) 26. Qxg3 Rfc8 27. Bd3 {[%emt 0:00:22] Weiß setzt Matt.} Qc3+ 28. Ke2 Qc7 29. Rg1 Qa5 30. hxg6 Qxa2+ 31. Ke3 {[%emt 0:00:07] Gewichteter Fehlerwert: Weiß=0.01 (makellos) /Schwarz=0.58.  Verlustzug:     	---       	Schwarz=1     Fehler:       	---       	Schwarz=2     Ungenau:       	---       	Schwarz=2     OK:         	Weiß=4     	Schwarz=7     Bester:       	Weiß=6     	Schwarz=4     Stark:        	Weiß=5     	---} 1-0

[Event "3rd Manaus Open 2024"]
[Site "Manaus"]
[Date "2024.10.12"]
[Round "2.2"]
[White "Silverio, Vitor Luis De Jesus"]
[Black "Fier, Alexandr"]
[Result "0-1"]
[ECO "B56"]
[WhiteElo "2016"]
[BlackElo "2539"]
[Annotator "TA"]
[PlyCount "92"]
[EventDate "2024.10.05"]
[EventType "swiss"]
[EventCountry "BRA"]
[SourceTitle "playchess.com"]
[Source "ChessBase"]
[SourceQuality "1"]
[TimeControl "5400+30"]

1. e4 c5 2. Nf3 d6 3. d4 cxd4 4. Nxd4 Nf6 5. Nc3 Bd7 6. Bg5 e6 7. Qd2 a6 8. O-O-O h6 9. Bxf6 Qxf6 {[%emt 0:00:10] Die Stellung ist ausgeglichen.} 10. Bc4 Nc6 11. Bb3 Nxd4 12. Qxd4 Qxd4 13. Rxd4 Bc6 14. f3 g5 15. a4 Ke7 16. a5 Bg7 17. Rd3 (17. Rb4 $15) 17... Be5 $17 18. Kb1 Rag8 19. h3 h5 20. Ba4 Bxc3 (20... Rb8 $17 {Und ...Bxc3 würde nun gewinnen.} 21. Bxc6 bxc6) 21. Bxc6 $15 Bxb2 ({Natürlich nicht} 21... Bxa5 22. Bxb7 Rb8 23. Bxa6 $14) 22. Bxb7 Be5 23. Rb3 Rb8 24. Kc1 Kf6 25. Kd2 Bd4 ({Vorzuziehen ist} 25... Rhe8 $11) 26. h4 (26. Kd3 $14 Be5 27. Rhb1) 26... Rhg8 27. Bxa6 Ra8 28. Be2 Rxa5 29. hxg5+ Rgxg5 30. g4 hxg4 31. fxg4 Ra7 32. Rh5 Be5 33. Rbh3 Bf4+ 34. Kd3 ({Besser ist} 34. Ke1 $15) 34... Ra3+ $17 35. Kc4 Ra4+ 36. Kd3 Ke5 {[%emt 0:00:06] Schwarz hat aktiveres Spiel.} 37. Rxg5+ Bxg5 {[%emt 0:00:08][%mdl 4096] Endspiel. KRB-KRB} 38. Rh5 f6 39. Bf3 Ra3+ 40. c3 Ra2 {[%emt 0:00:08] Weiss muss nun ...d5 beachten.} 41. Rh3 $2 {[%emt 0:00:30][%mdl 8192] [#] Danach ist Weiß chancenlos.} (41. Kc4 $17) 41... d5 $1 $19 {[%emt 0:00:20] Schwarz steht klar auf Gewinn.} 42. exd5 exd5 43. c4 (43. Bxd5 $142 Kxd5 44. c4+ Kc5 45. Rh8) 43... Ra3+ 44. Kc2 dxc4 (44... Kf4 45. cxd5 Rxf3 46. Rh8 Kxg4 47. Rh1) 45. Kb2 Rd3 46. Kc2 Kd4 {[%emt 0:00:06] Gewichteter Fehlerwert: Weiß=0.61/Schwarz=0.19 (sehr präzise) .  Verlustzug:     	Weiß=1     	---        Fehler:       	Weiß=4     	Schwarz=2     Ungenau:       	Weiß=4     	Schwarz=3     OK:         	Weiß=9     	Schwarz=17    Bester:       	Weiß=4     	Schwarz=2     Stark:        	---       	Schwarz=1} 0-1

[Event "3rd Manaus Open 2024"]
[Site "Manaus"]
[Date "2024.10.12"]
[Round "2.4"]
[White "Cordero, Daniela"]
[Black "Delgado Ramirez, Neuris"]
[Result "0-1"]
[ECO "D05"]
[WhiteElo "2004"]
[BlackElo "2496"]
[Annotator "RC"]
[PlyCount "77"]
[EventDate "2024.10.05"]
[EventType "swiss"]
[EventCountry "BRA"]
[SourceTitle "playchess.com"]
[Source "ChessBase"]
[SourceQuality "1"]
[TimeControl "5400+30"]

1. d4 Nf6 2. Nf3 e6 3. e3 c5 4. Bd3 Nc6 5. O-O d5 6. b3 Be7 7. Bb2 O-O 8. a3 b6 9. Nbd2 Bb7 10. Ne5 a6 11. Ndf3 Nxe5 12. Nxe5 b5 13. dxc5 Bxc5 14. Ng4 Ne4 15. Qe2 f6 16. f3 Nd6 17. Kh1 e5 18. Qe1 e4 19. fxe4 dxe4 20. Be2 Qe7 21. Qg3 Kh8 22. h4 Bc8 23. Nxf6 gxf6 24. Rxf6 Rxf6 25. Qg5 Ne8 26. Rf1 Bxa3 27. Ba1 Ra7 28. Rxf6 Ng7 29. h5 Rd7 30. h6 Kg8 31. hxg7 Qd8 32. Bh5 h6 33. Qf4 Rxg7 34. Bd4 Qd5 35. g4 Qg5 36. Bf7+ Kh7 37. Qxe4+ Kh8 38. Qe8+ Kh7 39. Bg6+ 0-1

[Event "3rd Manaus Open 2024"]
[Site "Manaus"]
[Date "2024.10.12"]
[Round "2.5"]
[White "Di Berardino, Diego Rafael"]
[Black "Mesquita, Eduardo Barbosa"]
[Result "1-0"]
[ECO "E17"]
[WhiteElo "2479"]
[BlackElo "1999"]
[Annotator "RC"]
[PlyCount "105"]
[EventDate "2024.10.05"]
[EventType "swiss"]
[EventCountry "BRA"]
[SourceTitle "playchess.com"]
[Source "ChessBase"]
[SourceQuality "1"]
[TimeControl "5400+30"]

1. Nf3 Nf6 2. c4 e6 3. g3 d5 4. Bg2 Be7 5. O-O O-O 6. b3 b6 7. Bb2 Nbd7 8. cxd5 exd5 9. d4 c5 10. Nc3 Bb7 11. Nh4 Re8 12. Nf5 Bf8 13. dxc5 Nxc5 14. Qd2 h6 15. Rad1 Rc8 16. Rfe1 Nfe4 17. Nxe4 Nxe4 18. Qf4 Qg5 19. Qxg5 hxg5 20. Rc1 Ba6 21. f3 Rxc1 22. Rxc1 Nc5 23. Nd4 Bxe2 24. Re1 Bb5 25. Rxe8 Bxe8 26. Bc1 f6 27. f4 gxf4 28. Bxd5+ Bf7 29. Bxf7+ Kxf7 30. Bxf4 Nd3 31. Kg2 a6 32. Kf3 g5 33. Bd2 Bc5 34. Ke4 Nf2+ 35. Kd5 Ng4 36. h4 gxh4 37. gxh4 Ne5 38. Bc3 Ng6 39. Nf5 Bf2 40. Kc6 b5 41. h5 Nf4 42. Nd6+ Ke6 43. h6 Nd5 44. h7 Ne7+ 45. Kb7 Ng6 46. Ne4 Bh4 47. Kxa6 f5 48. Nc5+ Kd5 49. Kxb5 f4 50. h8=Q Nxh8 51. Bxh8 f3 52. Nd3 Bg3 53. a4 1-0